 Dungeon Crawl Stone Soup version 0.30-b1-2-g02819fbbbe (webtiles) character file.

Game seed: 6173297989695842859

3246 decrepitude the Basher (level 9, -5/58 HPs)
             Began as an Octopode Warper on May 19, 2023.
             Was a Follower of Uskayaw.
             Succumbed to a hornet's poison
             ... on level 7 of the Dungeon.
             The game lasted 00:19:56 (7583 turns).

decrepitude the Basher (Octopode Warper)            Turns: 7583, Time: 00:19:56

Health: -5/58      AC:  2    Str: 14    XL:     9   Next: 99%
Magic:  9/18       EV: 13    Int: 15    God:    Uskayaw [*.....]
Gold:   431        SH:  0    Dex: 12    Spells: 9/20 levels left

rFire   . . .        h - +6 whip (drain)
rCold   . . .        (no shield)
rNeg    . . .        v - +1 hat
rPois   .            (no amulet)
rElec   .            r - ring of flight
rCorr   .            (no ring)
SInv    .            (no ring)
Will    .....        (no ring)
Stlth   ++           (no ring)
HPRegen 0.29/turn    (no ring)
MPRegen 0.16/turn    (no ring)
                     (no ring)

%: no passive effects
@: mighty, brilliant, lethally poisoned (-5 -> -30), flying, slowed, very slow
A: almost no armour, amphibious, 8 rings, camouflage 1, gelatinous body 1,
(nimble swimmer 1), tentacles, mutation resistance 1, subdued magic 1
a: Renounce Religion, Stomp


You were on level 7 of the Dungeon.
You worshipped Uskayaw.
Uskayaw was noncommittal.
You visited 2 branches of the dungeon, and saw 8 of its levels.
You also visited: Bailey.

You collected 431 gold pieces.

Inventory:

Hand Weapons
 h - a +6 whip of draining (weapon)
 C - a +2 flail of draining
Missiles
 c - 4 boomerangs of dispersal
 k - 2 curare-tipped darts
 o - an atropa-tipped dart
 y - 7 poisoned darts (quivered)
Armour
 v - a +1 hat (worn)
Jewellery
 r - a ring of flight (left tentacle)
 G - a ring of protection from cold
Wands
 E - a wand of iceblast (9)
 F - a wand of paralysis (7)
Scrolls
 b - a scroll of blinking
 e - 2 scrolls of teleportation
 i - 4 scrolls of magic mapping
 l - a scroll of brand weapon {unknown}
 m - a scroll of poison {unknown}
 p - a scroll of immolation
 q - a scroll of vulnerability {unknown}
 s - 3 scrolls of identify {unknown}
 z - a scroll of enchant armour {unknown}
 A - a scroll of torment {unknown}
 D - a scroll of acquirement {unknown}
Potions
 g - a potion of mutation
 j - a potion of ambrosia {unknown}
 n - a potion of heal wounds {unknown}
 t - a potion of might
 u - a potion of cancellation {unknown}
 w - a potion of degeneration {unknown}
 x - a potion of invisibility {unknown}
 B - a potion of resistance {unknown}
 H - a potion of magic {unknown}


   Skills:
 + Level 4.0 Fighting
 + Level 8.5 Maces & Flails
 - Level 1.0 Throwing
 - Level 2.3 Dodging
 - Level 6.0 Spellcasting
 - Level 8.0 Translocations
 + Level 0.5 Air Magic
 + Level 3.7 Evocations


You had 9 spell levels left.
You knew the following spells:

 Your Spells              Type           Power      Damage    Failure   Level
a - Blink                 Tloc           64%        N/A       1%          2
b - Manifold Assault      Tloc           32%        N/A       4%          4
c - Lesser Beckoning      Tloc           64%        N/A       1%          2
d - Vhi's Electric Charg  Tloc/Air       40%        N/A       6%          3

Your spell library contained the following spells:

 Spells                   Type           Power      Damage    Failure   Level
 Teleport Other           Tloc           32%        N/A       1%          3
 Portal Projectile        Hex/Tloc       38%        N/A       7%          3
 Necrotise                Necr           20%        1d5       12%         1
 Tukima's Dance           Hex            5%         N/A       36%         3
 Vampiric Draining        Necr           5%         2d6       36%         3
 Summon Ice Beast         Ice/Summ       5%         N/A       78%         4
 Agony                    Necr           5%         N/A       98%         5
 Arcjolt                  Conj/Air       3%         1d13      98%         5
 Blade Hands              Tmut           2%         N/A       98%         5
 Fireball                 Conj/Fire      2%         3d4       98%         5
 Irradiate                Conj/Tmut      2%         3d12      98%         5
 Iskenderun's Battlesphe  Conj           5%         2d6       98%         5
 Summon Mana Viper        Hex/Summ       5%         N/A       98%         5
 Conjure Ball Lightning   Conj/Air       3%         3x3d6     100%        6
 Dragon Form              Tmut           2%         N/A       100%        7
 Monstrous Menagerie      Summ           2%         N/A       100%        7
 Orb of Destruction       Conj           2%         9d5       100%        7
 Maxwell's Capacitive Co  Air            3%         ∞         100%        8


Dungeon Overview and Level Annotations

Branches:
Dungeon (7/15) Zot: 26305  Temple (1/1) D:6 Zot: 5749  Bailey (visited)

Altars:
Ashenzari
Cheibriados
Dithmenos
Elyvilon
Fedhas
Gozag
Hepliaklqana
Kikubaaqudgha
Makhleb
Okawaru
Ru
Sif Muna
Trog
Uskayaw
Vehumet
Wu Jian
Yredelemnul
Zin
The Shining One

Annotations:
D:6 2 exclusions, Maggie


Innate Abilities, Weirdness & Mutations

You cannot wear most types of armour.
You are amphibious.
You can wear up to eight rings at the same time.
Your skin changes colour to match your surroundings (Stealth+).
Your rubbery body absorbs attacks. (AC +1, EV +1)
((You are camouflaged when in or above water. (Stealth+)))
You have tentacles for arms and can constrict up to eight enemies at once.
You are somewhat resistant to further mutation.
Your spells are a little easier to cast, but a little less powerful.


Message History

Unknown command.
Casting: Blink (safe; 1% risk of failure)
Confirm with . or Enter, or press ? or * to list all spells.
Okay, then.
Unknown command.
Okay, then.
It was a potion of mutation.
You feel extremely strange.
Your connection to magic feels subdued.
You feel genetically stable.
You feel yourself speed up. The hornet stings you.
* * * LOW HITPOINT WARNING * * *
You are poisoned.
You feel yourself slow down. The hornet stings you!
* * * LOW HITPOINT WARNING * * *
You feel as though you will be slow longer.
You take 14 damage, and have 26/58 hp.
NOW THAT'S A LOTTA DAMAGE!!
Unknown command.
It was a potion of might.
You feel very mighty all of a sudden.
You feel stable enough to blink again.
You feel very sick. The hornet stings you!
* * * LOW HITPOINT WARNING * * *
You are lethally poisoned!
You feel as though you will be slow longer.
The hornet barely misses you. x2
You take 17 damage, and have 9/58 hp.
NOW THAT'S A LOTTA DAMAGE!!
It was a potion of brilliance.
You feel clever all of a sudden.
* * * LOW HITPOINT WARNING * * *
You feel very sick. The hornet barely misses you. The hornet stings you.
* * * LOW HITPOINT WARNING * * *
You are more poisoned.
You suddenly lose the ability to move!
You can move again.
You can no longer pass through a line of other dancers.
You take 6 damage, and have 3/58 hp.
It was a potion of flight.
You feel more buoyant.
You die...

.<..,,,,,*#.# #.##.#
####******#.# #.##>#
#.# #.##.#
###########.# #.##.#
............# #.##.#
############# #.##.#
#.##.# # ####.##.### #
#...@y....#
########****#.#####...#
........,,,,*,* ###.#
########***,*,*
*****.#*****
*,*,***,,,,..,,,,*
*,*,,,,,,,,,##**,*
*,*,**,****,* *,*
*,*,**,****,* *,*
*,,,,,,,,,,,* *,*


You could see a hornet.

Vanquished Creatures
  2 orc knights (Bailey)
  2 water moccasins
  2 orc warriors (Bailey)
  2 sky beasts (D:6)
  A phantom (D:5)
  A centaur (D:7)
  2 necrophages (D:5)
  2 scorpions (D:6)
  9 wights
  3 killer bees (D:7)
  A bullfrog zombie (D:5)
  3 jellies
  A human zombie (D:5)
  6 sleepcaps
  2 gnoll boudas
  An iguana (D:4)
  2 scorpion zombies (D:5)
  A killer bee zombie (D:5)
  A hound zombie (D:5)
  A mummy (D:5)
  A howler monkey zombie (D:5)
  10 gnolls
  7 adders
  2 ufetubi
  A worm (D:6)
  2 dart slugs
  34 orcs
  9 bats
  7 endoplasms
  2 giant cockroaches (D:3)
  11 goblins
  6 hobgoblins
  6 kobolds
  3 quokkas
  11 ball pythons
  3 frilled lizards (D:1)
  5 rats
165 creatures vanquished.

Notes
Turn   | Place    | Note
-------+----------+-------------------------------------------
     0 | D:1      | decrepitude the Octopode Warper began the quest for the
                  | Orb.
     0 | D:1      | Reached XP level 1. HP: 14/14 MP: 3/3
   178 | D:1      | Reached XP level 2. HP: 19/19 MP: 5/5
   443 | D:1      | Reached XP level 3. HP: 24/24 MP: 6/6
  1019 | D:1      | Learned a level 2 spell: Blink
  1033 | D:2      | Reached XP level 4. HP: 23/29 MP: 7/7
  1473 | D:2      | Found a shadowy altar of Dithmenos.
  1739 | D:2      | Learned a level 4 spell: Manifold Assault
  1753 | D:3      | Reached skill level 5 in Maces & Flails
  1753 | D:3      | Reached XP level 5. HP: 28/34 MP: 8/8
  2693 | D:4      | Reached XP level 6. HP: 39/39 MP: 9/9
  2973 | D:4      | Found an iron altar of Okawaru.
  3092 | D:4      | Found a radiant altar of Vehumet.
  3842 | D:5      | Entered Level 5 of the Dungeon
  3876 | D:5      | Noticed a water moccasin
  4014 | D:5      | You are sucked into a shaft and drop 1 floor!
  4027 | D:6      | Reached XP level 7. HP: 39/45 MP: 10/12
  4216 | D:6      | Reached skill level 5 in Translocations
  4416 | D:6      | Noticed Maggie
  4442 | D:6      | Found a staircase to the Ecumenical Temple.
  4448 | Temple   | Entered the Ecumenical Temple
  4626 | Temple   | Became a worshipper of Elyvilon the Healer
  4692 | Temple   | Fell from the grace of Elyvilon
  4692 | Temple   | Became a worshipper of Uskayaw the Reveller
  4731 | D:6      | Reached * piety under Uskayaw
  4895 | D:6      | Reached ** piety under Uskayaw
  4988 | D:5      | Reached XP level 8. HP: 26/50 MP: 14/14
  5438 | D:5      | Reached skill level 5 in Spellcasting
  5599 | D:5      | Found a sacrificial altar of Ru.
  5796 | D:5      | Found an ancient bone altar of Kikubaaqudgha.
  5809 | D:5      | Reached *** piety under Uskayaw
  5817 | D:5      | Reached **** piety under Uskayaw
  6028 | D:7      | Reached ***** piety under Uskayaw
  6053 | D:7      | Reached XP level 9. HP: 40/54 MP: 4/17
  6218 | D:7      | Found a flagged portal.
  6258 | Bailey   | Entered a bailey
  6584 | Bailey   | Noticed an orc knight
  6727 | Bailey   | Noticed an orc knight
  6830 | Bailey   | Killed an orc knight
  6941 | Bailey   | Reached skill level 1 in Evocations
  7046 | Bailey   | Identified the +4 plate armour of the Quahog {Rampage
                  | *Corrode Str+4 Dex+8}
  7107 | Bailey   | Killed an orc knight
  7447 | D:6      | Learned a level 2 spell: Lesser Beckoning
  7451 | D:6      | Learned a level 3 spell: Vhi's Electric Charge
  7578 | D:7      | Noticed a hornet
  7580 | D:7      | Gained mutation: Your spells are a little easier to cast,
                  | but a little less powerful. [potion of mutation]
  7580 | D:7      | Gained mutation: You are somewhat resistant to further
                  | mutation. [potion of mutation]
  7582 | D:7      | Paralysed by a hornet for 1 turns
  7583 | D:7      | Succumbed to a hornet's poison

Illustrated notes

Levels and vault maps discovered:
D:1:      ebering_trefoil_twist, layout_basic, hex_medium, minivault_4,
          nrook_mini_backslash
D:2:      layout_basic, basic_altar, minivault_11, guppyfry_early_orc_mine
D:3:      layout_loops_ring, corner_web_ring
D:4:      layout_basic, okawaru_gym_becter, kennysheep_little_box,
          hellmonk_no_cap
D:5:      layout_cave_pools, mainiacjoe_overflow_boulevard,
          lemuel_mausoleum_altar_kikubaaqudgha, hangedman_decor_growths
D:6:      layout_basic, minmay_temple_entry_arrows, uniq_maggie
D:7:      layout_loops_ring, enter_bailey_3
Temple:   bh_familiar_temple

Skill      XL: |  1  2  3  4  5  6  7  8  9 |
---------------+----------------------------+-----
Maces & Flails | 3 4 5 6 7 8 |  8.5
Spellcasting   | 3 4 5 6 |  6.0
Translocations | 4 5 7 8 |  8.0
Evocations     | 3 |  3.7
Fighting       | 4 |  4.0
Throwing       | |  1.0
Dodging        | |  2.3
Air Magic      | |  0.5

Action                     |  1- 3 |  4- 6 |  7- 9 || total
---------------------------+-------+-------+-------++-------
  Melee: Mace              |    24 |       |       ||    24
         Constrict         |     6 |    25 |    36 ||    67
         Tentacles         |     6 |    25 |    41 ||    72
         Punch             |     1 |     2 |     4 ||     7
         Whip              |    15 |   126 |   235 ||   376
  Throw: Dart              |    25 |    22 |    24 ||    71
         Boomerang         |     3 |       |       ||     3
         Throwing net      |       |     1 |     1 ||     2
   Cast: Blink             |       |     2 |     1 ||     3
         Manifold Assault  |       |       |    46 ||    46
  Evoke: Wand              |       |       |    11 ||    11
    Use: Scroll            |       |     2 |     2 ||     4
         Potion            |       |       |     4 ||     4
   Stab: Sleeping          |     1 |     9 |     2 ||    12
         Invisible         |       |     1 |       ||     1
         Held in net/web   |       |     1 |       ||     1
         Paralysed         |       |       |    17 ||    17
 Armour: Skin              |     4 |    15 |    10 ||    29
  Dodge: Dodged            |    34 |    55 |    61 ||   150
